 Dungeon Crawl Stone Soup version 0.19-a0-811-gf4045fb (webtiles) character file.

1766513 nubinia the Archmage (level 27, 138/138 HPs)
             Began as a Spriggan Earth Elementalist on June 22, 2016.
             Was the Champion of Sif Muna.
             Escaped with the Orb
             ... and 4 runes on June 28, 2016!
             The game lasted 19:31:39 (133765 turns).

nubinia the Archmage (SpEE)                       Turns: 133765, Time: 19:31:40

Health: 138/138    AC: 18    Str: 18    XL:     27
Magic:  40/64      EV: 42    Int: 16    God:    Sif Muna [******]
Gold:   5877       SH:  0    Dex: 29    Spells: 21 memorised, 1 level left

rFire  + + +     SeeInvis +     a - +3 Elemental Staff {rElec rF++ rC++ MR++ AC+5}
rCold  + + +     Gourm    .     l - +2 robe {Archmagi}
rNeg   + + .     Faith    .     (shield currently unavailable)
rPois  +         Spirit   .     T - +2 hat
rElec  +         Dismiss  .     H - +2 cloak {rPois}
rCorr  .         Reflect  .     (gloves unavailable)
SustAt .         Harm     .     (boots unavailable)
MR     +++++                    c - amulet of Doubts {RegenMP Str+4 Int-2 Dex+4}
Stlth  ++++......               h - ring of Agunewnuwku {rF+ rN++ Str+6 Int-3 Stlth+}
                                f - ring of Cigut {*Confuse rElec rC+ MP+9 Str+4}

@: deflect missiles, very quick, almost entirely resistant to hostile
enchantments, stealthy
A: unfitting armour, horns 1, slimy green scales 1, yellow scales 1, see
invisible, fire resistance 1, herbivore 3, speed 3, mutation resistance 1,
robust 1, slow metabolism 2
a: Channel Energy, Forget Spell, Renounce Religion
0: Orb of Zot
}: 4/15 runes: decaying, serpentine, slimy, silver


You escaped.
You worshipped Sif Muna.
Sif Muna was exalted by your worship.
You were very full.

You visited 12 branches of the dungeon, and saw 58 of its levels.
You also visited: Trove.

You collected 8544 gold pieces.
You spent 2667 gold pieces at shops.

Inventory:

Hand Weapons
 a - the +3 Elemental Staff (weapon) {rElec rF++ rC++ MR++ AC+5}
   (You found it on level 5 of the Pits of Slime)

   It affects your AC (+5).
   It greatly protects you from fire.
   It greatly protects you from cold.
   It insulates you from electricity.
   It affects your resistance to hostile enchantments.
 b - a +9 quick blade
 q - a +6 hunting sling of flaming
Missiles
 o - 148 sling bullets
Armour
 j - the +1 robe of Beogh's Approval {rPois rC+ rCorr}
   (You found it in a treasure trove)

   It protects you from cold.
   It protects you from poison.
   It protects you from acid and corrosion.
 l - a +2 robe of the Archmagi (worn)
 p - the +0 cloak "Alliy" {Regen+}
   (You found it in a treasure trove)

   It increases your rate of regeneration.
 H - a +2 cloak of poison resistance (worn)
 T - a +2 hat (worn)
Jewellery
 c - the amulet of Doubts (around neck) {RegenMP Str+4 Int-2 Dex+4}
   (You took it off a deep elf mage on level 3 of the Elven Halls)

   [amulet of magic regeneration]

   It increases your magic regeneration.
   It affects your strength (+4).
   It affects your intelligence (-2).
   It affects your dexterity (+4).
 f - the ring of Cigut (left hand) {*Confuse rElec rC+ MP+9 Str+4}
   (You found it in a treasure trove)

   [ring of magical power]

   It affects your strength (+4).
   It protects you from cold.
   It insulates you from electricity.
   It affects your magic capacity (+9).
   It may confuse you when you take damage.
 h - the ring of Agunewnuwku (right hand) {rF+ rN++ Str+6 Int-3 Stlth+}
   (You found it in a treasure trove)

   [ring of strength]

   It affects your strength (+6).
   It affects your intelligence (-3).
   It protects you from fire.
   It greatly protects you from negative energy.
   It makes you more stealthy.
 n - the ring "Puwauj" {rN+ Int+7}
   (You bought it in a shop on level 7 of the Dungeon)

   [ring of positive energy]

   It affects your intelligence (+7).
   It protects you from negative energy.
 s - the ring "Goaxt" {rN+ Int+4 Dex+2 Slay+3}
   (You took it off a skeletal warrior on level 3 of the Crypt)

   [ring of positive energy]

   It affects your intelligence (+4).
   It affects your dexterity (+2).
   It affects your accuracy and damage with ranged weapons and melee attacks
   (+3).
   It protects you from negative energy.
 y - the amulet of the Final Decision {Reflect MP+9 Str+3 SH+2 Stlth+}
   (You found it on level 1 of the Crypt)

   [amulet of reflection]

   It shields you and reflects attacks.
   It affects your strength (+3).
   It affects your magic capacity (+9).
   It affects your SH (+2).
   It makes you more stealthy.
Wands
 t - a wand of disintegration (7/24)
 u - a wand of disintegration (18/24)
 K - a wand of iceblast (0/15)
 Q - a wand of hasting (3/9)
 R - a wand of iceblast (8/15)
 S - a wand of heal wounds (1/9)
Scrolls
 i - 13 scrolls of identify
 k - 28 scrolls of remove curse
 v - 14 scrolls of teleportation
 C - 6 scrolls of magic mapping
 E - 6 scrolls of fear
 F - 8 scrolls of fog
 G - a scroll of holy word
 L - 2 scrolls of amnesia
 N - 8 scrolls of recharging
 U - a scroll of silence
 W - 4 scrolls of blinking
Potions
 e - 12 potions of brilliance
 m - 28 potions of curing
 x - 13 potions of heal wounds
 z - 4 potions of agility
 A - 4 potions of haste
 D - 9 potions of cancellation
 I - 3 potions of invisibility
 J - 5 potions of magic
 M - 4 potions of resistance
 X - 5 potions of flight
Books
 g - Sif Muna's Catalogue of Warped Attacks
   (Sif Muna gifted it to you on level 5 of the Realm of Zot)

   Spells                             Type                      Level
   a - Conjure Ball Lightning         Conjuration/Air              6
   b - Poisonous Cloud                Conjuration/Poison/Air       6
   c - Dispersal                      Translocation                6
   d - Chain Lightning                Conjuration/Air              8
   e - Disjunction                    Translocation                8
 r - Sif Muna's Papyrus of Flamy Evil Rituals
   (Sif Muna gifted it to you on level 1 of the Dungeon)

   Spells                             Type                      Level
   a - Regeneration                   Charms/Necromancy            3
   b - Fireball                       Conjuration/Fire             5
   c - Delayed Fireball               Conjuration/Fire             7
   d - Death's Door                   Charms/Necromancy            8
   e - Infestation                    Necromancy                   8
Miscellaneous
 w - a lamp of fire
 P - a fan of gales
 Z - a phial of floods
Comestibles
 d - 35 bread rations


   Skills:
 + Level 7.1 Fighting
 + Level 10.2 Short Blades
 - Level 14.1 Slings
 + Level 4.1 Armour
 + Level 23.1 Dodging
 + Level 25.1 Stealth
   Level 6.7 Shields
 O Level 27 Spellcasting
 - Level 8.0 Conjurations
 + Level 14.5 Hexes
 + Level 22.3 Charms
 - Level 1.2 Summonings
 - Level 3.0 Necromancy
 + Level 26.3 Translocations
 + Level 3.7 Transmutations
 + Level 3.1 Ice Magic
 + Level 17.8 Air Magic
 + Level 11.7 Earth Magic
 + Level 7.8 Invocations
 + Level 4.8 Evocations


You had one spell level left.
You knew the following spells:

 Your Spells              Type           Power        Failure   Level  Hunger
a - Magic Dart            Conj           ####         1%          1    None
b - Dazzling Spray        Conj/Hex       ######       1%          3    None
c - Mephitic Cloud        Conj/Pois/Air  ######..     1%          3    None
d - Bolt of Draining      Conj/Necr      ######....   6%          5    None
e - Passwall              Tmut/Erth      ######....   1%          2    None
f - Force Lance           Conj/Tloc      #######.     0%          4    None
g - Shroud of Golubria    Chrm/Tloc      #######...   0%          2    None
h - Iskenderun's Mystic   Conj           ######..     1%          4    None
i - Iskenderun's Battles  Conj/Chrm      #######.     1%          5    None
j - Blink                 Tloc           N/A          0%          2    None
k - Dispersal             Tloc           ########..   0%          6    ###....
l - Lee's Rapid Deconstr  Erth           ######....   1%          5    None
m - Deflect Missiles      Chrm/Air       #######...   1%          6    ###....
n - Summon Lightning Spi  Summ/Air       ######..     1%          4    None
o - Ozocubu's Armour      Chrm/Ice       #######.     1%          3    None
p - Airstrike             Air            #######...   0%          4    None
q - Passage of Golubria   Tloc           N/A          0%          4    None
r - Controlled Blink      Tloc           N/A          1%          8    ######.
A - Apportation           Tloc           ########..   0%          1    None
D - Animate Dead          Necr           N/A          6%          4    None
R - Regeneration          Chrm/Necr      #######...   1%          3    None


Dungeon Overview and Level Annotations

Branches:
Dungeon (15/15)            Temple (1/1) D:7            Lair (6/6) D:8
  Swamp (4/4) Lair:3        Snake (4/4) Lair:4        Slime (5/5) Lair:6
    Orc (2/2) D:10            Elf (3/3) Orc:2        Vaults (5/5) D:14
  Crypt (3/3) Vaults:2       Tomb (0/3) Crypt:3      Depths (5/5) D:15
    Zot (5/5) Depths:5

Altars:
Ashenzari
Dithmenos
Elyvilon
Fedhas
Kikubaaqudgha
Makhleb
Okawaru
Sif Muna
Uskayaw
Yredelemnul

Shops:
D:7 =*   D:15 *   Orc:2 ([*(*   Elf:2 :   Snake:1 :   Snake:3 *

Portals:
Hell: Lair:6 Depths:1 Depths:2 Depths:3 Depths:4 Depths:5
Abyss: Depths:4
Pandemonium: Depths:2 Depths:3 Depths:4 Depths:5
Ziggurat: Depths:3

Annotations:
Slime:5 Royal Jelly
Depths:2 1 runed door
Zot:5 exclusion: upstairs


Innate Abilities, Weirdness & Mutations

You are tiny and cannot use many weapons and most armour.
You have supernaturally acute eyesight. (SInv)
You are a herbivore.
You cover ground extremely quickly.
You need consume almost no food.
You have a pair of small horns on your head.
You are partially covered in slimy green scales. (AC +2)
You are partially covered in yellow scales. (AC +2)
Your flesh is heat resistant. (rF+)
You are somewhat resistant to further mutation.
You are robust. (+10% HP)


Message History

You feel a surge of power!
The orb of energy misses the reaper.
The orb of energy explodes!
Your battlesphere fires!
The barrage of energy hits the reaper.
The reaper is almost dead.
Casting: Iskenderun's Mystic Blast
Confirm with . or Enter, or press ? or * to list all spells.
Aiming: Iskenderun's Mystic Blast
Press: ? - help, Shift-Dir - straight line, f/p - reaper
Aim: a reaper, wielding a vampiric scythe (almost dead)
You feel a surge of power!
The orb of energy hits the reaper.
You kill the reaper!
Sif Muna grants you a gift!
Your battlesphere fires! r - Sif Muna's Papyrus of Flamy Evil Rituals You swap places.
You see here a vampiric scythe.
There is a staircase leading out of the dungeon here.
Unknown command.
You have escaped!

#######...#...#≈.≈#§≈≈#.# #.#
..........#...#≈.≈#§≈§#.#######.#
.######.###...#≈.≈#§§.#..........
.# ##.###...#...#...#..####.#.#
.# #....#...........##.........
.# ##..###.....).....#..####.#.#
.# #...# #...........#### #>...
.# #..## #.....*.....# #.#..
#####..# #.[...@.....# #.###
.......# #...........# #.#
#####.## ############# #.# # #.#
#.# #.# # ##.## #.# #.# # ##...##
#.# ######.# ###.###.## #.#
#......# ##.## ##.## #.# #.######
##.# #..# #.# #.#


You could see a friendly battlesphere.

Vanquished Creatures
  4 orbs of fire (Zot:5)
  Mennas (Vaults:2)
  A juggernaut (Depths:2)
  8 ancient liches
  Boris (twice) (Crypt:1 Vaults:4)
  the Lernaean hydra (Swamp:4)
  Bai Suzhen (Crypt:3)
  4 curse toes
  2 Killer Klowns (Zot:5)
  Xtahua (Vaults:2)
  Vashnia (Snake:3)
  Saint Roka (Crypt:3)
  13 golden dragons
  2 profane servitors
  A bone dragon (Depths:5)
  Jory (Vaults:3)
  5 electric golems
  28 tentacled monstrosities
  Jorgrun (Crypt:3)
  Rupert (D:14)
  Asterion (Depths:2)
  3 deep elf blademasters (Elf:3)
  A quicksilver dragon (Vaults:4)
  22 Orb Guardians (Zot:5)
  12 acid blobs
  9 liches
  A titan (Vaults:5)
  2 deep elf master archers (Elf:3)
  Frances (Swamp:2)
  An Executioner (Depths:2)
  10 ancient champions
  10 death cobs
  3 sphinxes
  Gastronok (D:9)
  12 shadow dragons
  Kirke (D:14)
  2 thorn hunters (Swamp:4)
  16 storm dragons
  3 draconian monks
  Wiglaf (Snake:3)
  2 revenants
  8 greater nagas
  7 tengu reavers
  3 azure jellies
  Donald (Snake:1)
  2 draconian scorchers
  11 fire giants
  The ghost of tstbtto the Severer, a journeyman DDFi of Yredelemnul (Swamp:2)
  6 draconian knights
  11 deep elf sorcerers
  A balrug (Depths:2)
  Maud (Lair:5)
  3 ghost moths
  11 frost giants
  2 iron dragons
  Aizul (Swamp:1)
  17 vault wardens
  Louise (D:14)
  The ghost of tstbtto the Severer, a journeyman DDFi of Yredelemnul (D:14)
  6 curse skulls
  18 very ugly things
  3 draconian zealots
  6 ghouls
  6 deep elf elementalists
  3 reapers
  17 ironheart preservers
  5 draconian annihilators
  2 draconian callers
  4 spriggan defenders
  2 war gargoyles
  4 draconian shifters
  27 stone giants
  10 deep elf demonologists
  3 green draconians
  10 yellow draconians
  11 vampire knights
  2 spark wasps
  7 red draconians
  4 black draconians
  Azrael (D:12)
  9 white draconians
  5 purple draconians
  10 deep elf annihilators
  5 mottled draconians
  6 eidola
  Snorg (D:12)
  12 deep elf death magi
  An ettin (shapeshifter) (Vaults:4)
  10 ettins
  14 fire dragons
  A quicksilver dragon skeleton (Crypt:2)
  6 deep elf high priests
  16 jiangshi
  13 yaktaur captains
  9 great orbs of eyes
  Fannar (D:10)
  21 ice dragons
  31 vault guards
  Harold (D:10)
  A ghost crab (Swamp:4)
  A hell beast (Lair:6)
  3 rakshasas
  29 hydras
  Erica (D:10)
  Erolcha (D:11)
  6 spriggan air magi
  9 naga warriors
  5 death knights
  13 alligators
  11 centaur warriors
  15 ogre magi
  6 death yaks
  18 anacondas
  4 tengu warriors
  8 deep troll shamans
  11 vampire magi
  3 orc high priests (Orc:2)
  10 deep troll earth magi
  Urug (Orc:1)
  12 naga sharpshooters
  A titan zombie (Crypt:3)
  26 dancing weapons
  A shock serpent (shapeshifter) (Vaults:1)
  7 spriggan berserkers
  An iron giant zombie (Crypt:2)
  5 shock serpents
  37 deep elf knights
  A soul eater (Depths:4)
  Sonja (D:10)
  A large abomination (Vaults:5)
  An iron troll (Depths:3)
  A fire crab (Vaults:1)
  2 shadow wraiths
  49 skeletal warriors
  24 hell knights
  A storm dragon skeleton (Vaults:4)
  6 salamander mystics
  A golden dragon zombie (Crypt:2)
  7 flayed ghosts
  2 death drakes (Depths:4)
  A deep troll (shapeshifter) (Vaults:4)
  3 spriggan druids
  10 naga ritualists
  15 swamp dragons
  4 unseen horrors
  3 orange crystal statues
  29 deep elf archers
  A spectral anaconda (Depths:4)
  26 deep trolls
  A swamp dragon (shapeshifter) (Vaults:1)
  An anaconda zombie (Crypt:1)
  8 giant orange brains
  7 hill giants
  10 phantasmal warriors
  An anaconda skeleton (Crypt:1)
  An entropy weaver zombie (Crypt:2)
  9 necromancers
  16 ironbrand convokers
  4 shambling mangroves
  A wolf spider zombie (D:15)
  A hill giant (shapeshifter) (Depths:2)
  34 ugly things
  24 orc knights
  2 stone giant zombies
  4 wizards
  5 shining eyes (Slime:5)
  A sphinx skeleton (Crypt:2)
  9 orc sorcerers
  A fire giant zombie (Crypt:2)
  A wolf spider (Vaults:4)
  24 mana vipers
  A cyclops (Orc:2)
  94 deep elf magi
  A hornet (shapeshifter) (Vaults:5)
  20 salamanders
  A hornet (Vaults:3)
  14 oklob plants
  6 griffons
  A human zombie (Vaults:4)
  23 elephants
  2 manticores
  A frost giant skeleton (Crypt:1)
  A cyclops (shapeshifter) (Vaults:4)
  An octopode (shapeshifter) (Depths:1)
  A guardian serpent (shapeshifter) (D:14)
  A stone giant skeleton (Vaults:2)
  Maurice (D:12)
  An iron dragon skeleton (Crypt:3)
  22 moths of wrath
  2 smoke demons (Depths:2)
  47 black mambas
  A water nymph (shapeshifter) (Elf:3)
  An eye of devastation (shapeshifter) (Depths:5)
  An eye of devastation (Slime:5)
  27 naga magi
  15 guardian serpents
  19 vault sentinels
  28 spiny frogs
  A spiny frog (shapeshifter) (Vaults:5)
  3 centaur skeletons
  A torpor snail (Lair:5)
  4 orange demons (Lair:6)
  4 gargoyles
  4 rime drakes
  A dire elephant skeleton (Crypt:1)
  11 kobold demonologists
  An alligator snapping turtle zombie (Crypt:1)
  8 komodo dragons
  A komodo dragon (shapeshifter) (Depths:3)
  57 yaktaurs
  A rime drake (shapeshifter) (Vaults:1)
  5 guardian mummies (Crypt:3)
  A harpy zombie (Crypt:3)
  A tormentor (D:1)
  A white draconian skeleton (Crypt:1)
  4 ice devils
  8 freezing wraiths
  4 spectral merfolk (Depths:4)
  4 tengu conjurers
  A polar bear (shapeshifter) (Depths:3)
  An anaconda simulacrum (Depths:4)
  3 hellwings
  2 jumping spiders (Vaults:3)
  2 red devils
  3 polar bears
  8 trolls
  3 meliai (Lair:5)
  A purple draconian skeleton (Crypt:3)
  A meliai (shapeshifter) (Depths:3)
  A queen bee (Lair:5)
  A wolf spider simulacrum (Crypt:3)
  A troll (shapeshifter) (Vaults:4)
  23 two-headed ogres
  6 boulder beetles
  4 giant leeches
  Prince Ribbit (D:8)
  40 blink frogs
  A tengu simulacrum (Vaults:4)
  7 bog bodies
  4 raiju (Depths:4)
  Grinder (D:4)
  65 slime creatures
  An ettin zombie (Vaults:4)
  11 air elementals
  A meliai zombie (D:15)
  A frost giant simulacrum (Vaults:4)
  9 flying skulls
  3 ynoxinuls
  An ettin skeleton (Crypt:2)
  2 water elementals (Depths:4)
  An ice dragon skeleton (Crypt:3)
  5 redbacks
  11 shadows
  A wyvern (Lair:5)
  An alligator skeleton (Crypt:3)
  22 wraiths
  7 vampires
  A tarantella (Vaults:4)
  A human (D:14)
  13 spriggans
  3 spriggans (shapeshifter)
  3 fire elementals
  2 hogs (D:14)
  4 basilisks
  A golden eye (Slime:5)
  53 yaks
  2 neqoxecs
  2 chaos spawn (Depths:3)
  22 hippogriffs
  A steam dragon (Lair:3)
  41 vampire mosquitoes
  2 human simulacra
  3 hungry ghosts
  3 insubstantial wisps (Swamp:3)
  Edmund (D:5)
  57 nagas
  6 wargs
  8 mottled dragons
  A soldier ant (D:12)
  17 swamp worms
  A torturous demonspawn zombie (Crypt:1)
  A water moccasin (shapeshifter) (Vaults:1)
  13 hell hounds
  2 spectral trolls (Depths:4)
  10 water moccasins
  7 porcupines
  2 giant eyeballs (Depths:4)
  2 spectral spriggans (Depths:4)
  47 orc warriors
  15 swamp drakes
  A torturous demonspawn skeleton (Crypt:3)
  19 wasps
  2 ice beasts
  A snapping turtle zombie (Depths:4)
  An eye of draining (shapeshifter) (Vaults:3)
  A black bear (Lair:4)
  5 eyes of draining
  56 ogres
  A sky beast (D:15)
  23 boggarts
  2 phantoms
  5 wolves
  15 centaurs
  14 crocodiles
  4 big kobolds
  16 giant frogs
  A deep troll simulacrum (Vaults:2)
  An earth elemental (Elf:1)
  A salamander skeleton (Crypt:1)
  A wyvern zombie (D:9)
  A water moccasin zombie (D:10)
  3 wyvern skeletons
  7 scorpions
  40 killer bees
  An elf simulacrum (Vaults:2)
  2 spectral ogres (Depths:4)
  A troll skeleton (Crypt:2)
  An electric eel (Lair:3)
  17 wights
  5 howler monkeys
  3 spectral centaurs (Depths:4)
  7 crimson imps
  A giant frog zombie (D:12)
  2 quasits
  24 orc priests
  6 hounds
  2 jellies
  4 centaur zombies
  26 orc wizards
  A basilisk skeleton (Crypt:3)
  2 giant frog skeletons
  3 gnoll shamans (D:3)
  An iron imp (Depths:3)
  A human skeleton (Crypt:1)
  A demonspawn skeleton (Crypt:2)
  7 iguanas
  5 worker ants
  2 hell rats (Lair:1)
  3 polar bear simulacra (Lair:3)
  2 yak simulacra (Lair:3)
  30 sheep
  A wolf simulacrum (Lair:3)
  A demigod zombie (Crypt:1)
  A deep dwarf skeleton (Crypt:1)
  An ogre skeleton (Crypt:2)
  4 hound skeletons
  A hound zombie (D:7)
  7 mummies (Crypt:3)
  A worker ant zombie (D:11)
  A steam dragon zombie (Crypt:2)
  14 adders
  43 gnolls
  2 naga simulacra (Depths:4)
  46 river rats
  4 shadow imps
  A white imp (Depths:3)
  4 ufetubi
  An ooze (D:2)
  A lava snake zombie (Crypt:2)
  2 adder skeletons (D:4)
  A halfling skeleton (Crypt:3)
  2 worms (D:3)
  A dart slug (D:3)
  3 giant geckos
  114 orcs
  4 ball pythons
  19 bats
  A bat skeleton (Crypt:3)
  5 giant cockroaches
  3 goblins (D:3)
  8 hobgoblins
  34 jackals
  4 quokkas
  A giant gecko skeleton (D:8)
  6 giant newts
  A goblin zombie (Crypt:2)
  A hobgoblin skeleton (Crypt:2)
  A jackal skeleton (D:3)
  A jackal zombie (D:9)
  17 kobolds
  19 rats
  2 river rat simulacra (Lair:3)
  5 fungi
  3 plants (Lair:6)
3039 creatures vanquished.

Vanquished Creatures (collateral kills)
  An ancient lich (Zot:5)
  A curse toe (Zot:5)
  A golden dragon (Vaults:5)
  3 tentacled monstrosities
  3 Orb Guardians (Zot:5)
  2 liches
  An ancient champion (Crypt:3)
  4 shadow dragons
  A greater naga (Snake:4)
  A storm dragon (Zot:2)
  2 tengu reavers
  4 vault wardens
  A fire giant (Depths:1)
  A deep elf sorcerer (Elf:3)
  A balrug (Depths:2)
  A frost giant (Vaults:5)
  A draconian shifter (Zot:4)
  A draconian annihilator (Zot:5)
  A war gargoyle (Depths:4)
  3 very ugly things
  3 ironheart preservers
  A green draconian (Zot:4)
  A black draconian (Zot:4)
  3 stone giants
  A yellow draconian (Zot:4)
  A red draconian (Zot:4)
  2 mottled draconians
  3 white draconians
  4 ettins
  4 fire dragons
  2 jiangshi (Crypt:1)
  2 rakshasas
  3 yaktaur captains
  3 ice dragons
  3 ogre magi
  5 vault guards
  2 centaur warriors (Depths:1)
  4 deep troll shamans
  A deep elf knight (Vaults:4)
  A deep troll earth mage (Depths:2)
  3 hell knights
  5 skeletal warriors
  A spectral anaconda (Depths:4)
  7 deep trolls
  An iron troll (Depths:1)
  A deep elf archer (Vaults:2)
  2 necromancers
  3 orc knights
  3 deep elf magi
  4 ugly things
  An oklob plant (Lair:6)
  3 moths of wrath
  A cyclops (Vaults:2)
  A human skeleton (Vaults:4)
  2 vault sentinels
  A smoke demon (Depths:2)
  A freezing wraith (Vaults:1)
  A yaktaur zombie (Vaults:2)
  11 yaktaurs
  2 spectral merfolk
  A troll (shapeshifter) (Vaults:3)
  3 two-headed ogres
  3 slime creatures
  A shadow (Depths:4)
  A redback (Vaults:4)
  A spriggan (Depths:3)
  A wraith (Depths:4)
  A vampire (Depths:4)
  An air elemental (Depths:5)
  2 humans (Depths:2)
  A water elemental (Depths:4)
  A mottled dragon (Vaults:2)
  2 orc warriors (Vaults:2)
  A snapping turtle zombie (Depths:4)
  9 ogres
  2 wasps (Depths:2)
  A spectral centaur (Depths:4)
  An orc priest (Vaults:2)
  An iron imp (Depths:3)
  A felid zombie (Crypt:3)
  3 orcs
175 creatures vanquished.

Vanquished Creatures (others)
  Margery (Crypt:1)
  An eldritch tentacle (Zot:1)
  A fire giant (Depths:4)
  A draconian knight (Zot:5)
  A deep elf death mage (Vaults:5)
  2 yaktaur captains
  A centaur warrior (Depths:1)
  2 deep elf archers
  A necromancer (Crypt:1)
  A deep elf mage (Vaults:2)
  4 moths of wrath (Zot:5)
  A vault sentinel (Vaults:5)
  A naga mage (Snake:2)
  2 yaktaurs
  5 slime creatures (Depths:2)
  A shadow (Crypt:3)
  A warg (Depths:4)
  An orc warrior (Vaults:5)
  A wolf (Depths:4)
  A crimson imp (D:14)
  A bush (Lair:5)
  76 eldritch tentacle segments (Zot:1)
  56 fungi
  52 plants
215 creatures vanquished.

Grand Total: 3429 creatures vanquished

Notes
Turn   | Place    | Note
--------------------------------------------------------------
     0 | D:1      | nubinia the Spriggan Earth Elementalist began the quest for the Orb.
     0 | D:1      | Reached XP level 1. HP: 9/9 MP: 5/5
   541 | D:1      | Reached skill level 3 in Spellcasting
   590 | D:1      | Reached XP level 2. HP: 13/13 MP: 2/7
   718 | D:1      | Learned a level 2 spell: Passwall
  1212 | D:2      | Reached XP level 3. HP: 11/16 MP: 8/8
  1915 | D:2      | Learned a level 1 spell: Magic Dart
  2075 | D:3      | Reached XP level 4. HP: 21/21 MP: 10/10
  2781 | D:3      | Reached skill level 4 in Spellcasting
  3416 | D:3      | Reached XP level 5. HP: 24/24 MP: 12/12
  3786 | D:3      | Reached skill level 5 in Stealth
  4005 | D:3      | Reached skill level 5 in Spellcasting
  4193 | D:3      | Reached XP level 6. HP: 28/28 MP: 0/14
  4413 | D:3      | Reached skill level 1 in Slings
  4541 | D:3      | Reached skill level 6 in Spellcasting
  4541 | D:3      | Reached skill level 1 in Conjurations
  4724 | D:3      | Reached XP level 7. HP: 32/32 MP: 12/17
  5603 | D:4      | Learned a level 3 spell: Stone Arrow
  5624 | D:4      | Reached skill level 7 in Spellcasting
  5624 | D:4      | Reached skill level 5 in Earth Magic
  5970 | D:4      | Noticed Grinder
  5976 | D:4      | Paralysed by Grinder for 3 turns
  5980 | D:4      | Killed Grinder
  5980 | D:4      | Reached XP level 8. HP: 34/36 MP: 15/20
  6127 | D:4      | Identified the Handbook of Calling and the Traveller (You found it on level 4 of the Dungeon)
  6366 | D:4      | Found a blossoming altar of Fedhas.
  6518 | D:4      | Reached skill level 8 in Spellcasting
  7064 | D:5      | Entered Level 5 of the Dungeon
  7218 | D:5      | Noticed Edmund
  7247 | D:5      | Found a shattered altar of Ashenzari.
  7251 | D:5      | Saw a vision of the Swamp and the Snake Pit.
  7251 | D:5      | Noticed a naga mage
  7251 | D:5      | Noticed a naga sharpshooter
  7251 | D:5      | Noticed a black mamba
  7251 | D:5      | Noticed a black mamba
  7251 | D:5      | Noticed a salamander
  7251 | D:5      | Noticed an alligator
  7251 | D:5      | Noticed an alligator
  7251 | D:5      | Noticed an alligator
  7251 | D:5      | Noticed an alligator
  7252 | D:5      | Noticed a naga warrior
  7252 | D:5      | Noticed an alligator
  7254 | D:5      | Noticed an alligator
  7661 | D:5      | Learned a level 3 spell: Dazzling Spray
  7753 | D:5      | Killed Edmund
  7753 | D:5      | Reached skill level 1 in Hexes
  8370 | D:7      | Found Lodgheto's Jewellery Shoppe.
  8699 | D:7      | Reached skill level 1 in Short Blades
  8859 | D:7      | Found a staircase to the Ecumenical Temple.
  8870 | Temple   | Entered the Ecumenical Temple
  8881 | Temple   | Became a worshipper of Sif Muna the Loreminder
  9104 | D:7      | Reached XP level 9. HP: 40/40 MP: 22/22
  9115 | D:7      | Found Tableil's General Store.
  9120 | D:7      | Bought a scroll of identify for 30 gold pieces
  9121 | D:7      | Gained mutation: Your body sometimes deteriorates upon taking damage. [potion of mutation]
  9121 | D:7      | Gained mutation: You expend magic power (3 MP) to strengthen your wands. [potion of mutation]
  9121 | D:7      | Gained mutation: You are agile. (Dex +2) [potion of mutation]
  9122 | D:7      | Lost mutation: Your body sometimes deteriorates upon taking damage. [potion of cure mutation]
  9122 | D:7      | Lost mutation: You expend magic power (3 MP) to strengthen your wands. [potion of cure mutation]
  9122 | D:7      | Lost mutation: You are agile. (Dex +2) [potion of cure mutation]
  9155 | D:7      | Reached skill level 9 in Spellcasting
  9473 | D:8      | Reached skill level 5 in Dodging
 10179 | D:8      | Reached * piety under Sif Muna
 10340 | D:8      | Noticed Prince Ribbit
 10350 | D:8      | Killed Prince Ribbit
 10439 | D:8      | Reached skill level 5 in Hexes
 10562 | D:8      | Found a staircase to the Lair.
 10851 | D:8      | Reached skill level 10 in Spellcasting
 10937 | Lair:1   | Entered Level 1 of the Lair of Beasts
 11084 | Lair:1   | Reached ** piety under Sif Muna
 11323 | Lair:1   | Reached XP level 10. HP: 26/44 MP: 9/25
 11492 | Lair:1   | Noticed a black mamba
 11933 | Lair:1   | Noticed a four-headed hydra
 12202 | Lair:1   | Reached skill level 1 in Fighting
 12255 | Lair:1   | Noticed a spiny frog
 12260 | Lair:1   | Learned a level 2 spell: Blink
 12266 | Lair:1   | Learned a level 5 spell: Iskenderun's Battlesphere
 12906 | Lair:1   | Reached skill level 1 in Charms
 13755 | Lair:2   | Reached skill level 11 in Spellcasting
 13901 | Lair:2   | Noticed a black mamba
 13961 | Lair:2   | Killed a black mamba
 13961 | Lair:2   | Reached *** piety under Sif Muna
 14207 | Lair:2   | Noticed an eight-headed hydra
 14292 | Lair:2   | Noticed a spiny frog
 14296 | Lair:2   | Killed a spiny frog
 14300 | Lair:2   | Noticed a death yak
 14421 | Lair:2   | Noticed a death yak
 14421 | Lair:2   | Noticed a death yak
 14539 | Lair:2   | Reached skill level 5 in Charms
 14607 | Lair:2   | Killed an eight-headed hydra
 14654 | Lair:2   | Reached XP level 11. HP: 40/49 MP: 11/27
 15202 | Lair:2   | Killed a death yak
 15202 | Lair:2   | Reached **** piety under Sif Muna
 15202 | Lair:2   | Reached skill level 1 in Translocations
 15471 | Lair:2   | Noticed an eight-headed hydra
 15509 | Lair:2   | Killed an eight-headed hydra
 15509 | Lair:2   | Reached skill level 12 in Spellcasting
 15517 | Lair:2   | Killed a death yak
 15935 | Lair:2   | Reached ***** piety under Sif Muna
 16077 | Lair:2   | Killed a death yak
 16762 | Lair:3   | Found a staircase to the Swamp.
 17772 | Lair:3   | Reached skill level 13 in Spellcasting
 18212 | Lair:3   | Reached XP level 12. HP: 30/54 MP: 12/30
 18550 | Lair:3   | Learned a level 5 spell: Lee's Rapid Deconstruction
 18620 | Lair:3   | Reached ****** piety under Sif Muna
 18620 | Lair:3   | Received a gift from Sif Muna
 19558 | Lair:3   | Reached skill level 10 in Charms
 19652 | Lair:3   | Reached skill level 5 in Conjurations
 19686 | Lair:3   | Reached skill level 10 in Stealth
 20051 | D:7      | Bought the amulet of Titinu {RegenMP Int+5} for 712 gold pieces
 20424 | Lair:3   | Upgraded the game from 0.19-a0-734-ge18daf0 to 0.19-a0-742-g4563caa
 20771 | Lair:4   | Noticed a six-headed hydra
 20783 | Lair:4   | Killed a six-headed hydra
 20783 | Lair:4   | Reached skill level 14 in Spellcasting
 20850 | Lair:4   | Noticed a four-headed hydra
 20855 | Lair:4   | Killed a four-headed hydra
 20855 | Lair:4   | Received a gift from Sif Muna
 20856 | Lair:4   | Identified Sif Muna's Grimoire of Conjuration (Sif Muna gifted it to you on level 4 of the Lair of Beasts)
 20863 | Lair:4   | Learned a level 5 spell: Bolt of Magma
 20986 | Lair:4   | Found a staircase to the Snake Pit.
 21501 | Lair:5   | Noticed a death yak
 21554 | Lair:5   | Killed a death yak
 21702 | Lair:5   | Reached XP level 13. HP: 58/58 MP: 32/32
 22517 | Lair:5   | Reached skill level 15 in Spellcasting
 22886 | Lair:5   | Noticed Maud
 22925 | Lair:5   | Killed Maud
 22925 | Lair:5   | Received a gift from Sif Muna
 22926 | Lair:5   | Identified Sif Muna's Guide on Bewitchment (Sif Muna gifted it to you on level 5 of the Lair of Beasts)
 23965 | Lair:6   | Entered Level 6 of the Lair of Beasts
 24040 | Lair:6   | Reached skill level 16 in Spellcasting
 24506 | Lair:6   | Reached XP level 14. HP: 63/63 MP: 29/35
 24841 | Lair:6   | Reached skill level 10 in Hexes
 24945 | Lair:6   | Found a burning altar of Makhleb.
 25155 | Lair:6   | Received a gift from Sif Muna
 25156 | Lair:6   | Identified Sif Muna's Advanced Rites and Rhymes (Sif Muna gifted it to you on level 6 of the Lair of Beasts)
 26640 | Lair:6   | Reached skill level 17 in Spellcasting
 26913 | Lair:6   | Found a gateway to Hell.
 27257 | D:9      | Noticed Gastronok
 27258 | D:9      | Reached skill level 5 in Translocations
 27288 | D:9      | Killed Gastronok
 27873 | D:10     | Entered Level 10 of the Dungeon
 27873 | D:10     | Noticed Sonja
 27873 | D:10     | Noticed Harold
 27875 | D:10     | Killed Harold
 28075 | D:10     | Found a white marble altar of Elyvilon.
 28111 | D:10     | Noticed Erica
 28145 | D:10     | Killed Erica
 28155 | D:10     | Killed Sonja
 28207 | D:10     | Found a staircase to the Orcish Mines.
 28295 | D:10     | Noticed Fannar
 28324 | D:10     | Killed Fannar
 28899 | D:10     | Learned a level 6 spell: Darkness
 28900 | Orc:1    | Entered Level 1 of the Orcish Mines
 28903 | Orc:1    | Received a gift from Sif Muna
 28907 | Orc:1    | Identified Hinec's Grimoire of Good Luck and the Compass (Sif Muna gifted it to you on level 1 of the Orcish Mines)
 29008 | D:10     | Learned a level 1 spell: Apportation
 29011 | D:10     | Learned a level 2 spell: Shroud of Golubria
 30065 | Orc:2    | Entered Level 2 of the Orcish Mines
 30638 | Orc:2    | Reached XP level 15. HP: 66/66 MP: 31/37
 30887 | Orc:2    | Found a staircase to the Elven Halls.
 31934 | Orc:2    | Found Kiabal's Weapon Emporium.
 31934 | Orc:2    | Found Hiufrohe's Assorted Antiques.
 31940 | Orc:2    | Found Ledaff's Armour Shop.
 31945 | Orc:2    | Found Tatt's Antique Weapon Shop.
 31947 | Orc:2    | Bought a bubbling yellow potion for 30 gold pieces
 31995 | Orc:2    | Bought a +1 cloak for 115 gold pieces
 32292 | Orc:2    | Found Etemiu's General Store.
 32520 | Orc:1    | Reached skill level 18 in Spellcasting
 32627 | Orc:1    | You fall through a shaft!
 32683 | Orc:1    | Noticed Urug
 32700 | Orc:1    | Killed Urug
 33020 | D:7      | Bought the ring "Puwauj" {rN+ Int+7} for 625 gold pieces
 33020 | D:7      | Bought a +5 amulet of reflection for 375 gold pieces
 33169 | Snake:1  | Entered Level 1 of the Snake Pit
 33529 | Snake:1  | Found Ycvoriqim's Book Emporium.
 33714 | Snake:1  | Received a gift from Sif Muna
 33807 | Snake:1  | Identified Sif Muna's Almanac of Freezing Combat Magic (Sif Muna gifted it to you on level 1 of the Snake Pit)
 33813 | Snake:1  | Learned a level 4 spell: Force Lance
 34248 | D:10     | Learned a level 6 spell: Dispersal
 34252 | D:10     | Learned a level 3 spell: Ignite Poison
 34441 | Snake:1  | Reached skill level 10 in Dodging
 35192 | Snake:1  | Noticed Donald
 35199 | Snake:1  | Killed Donald
 35903 | Snake:2  | Reached skill level 10 in Translocations
 36201 | Snake:2  | Reached skill level 19 in Spellcasting
 36507 | Snake:2  | Noticed a greater naga
 36529 | Snake:2  | Killed a greater naga
 36763 | Snake:2  | Reached XP level 16. HP: 66/70 MP: 31/40
 36811 | Snake:2  | Got a warped wooden ring
 36812 | Snake:2  | Identified the ring "Xeisecy" {rF++ rC+ MR+ Str+3} (You took it off a greater naga on level 2 of the Snake Pit)
 36828 | Snake:2  | Received a gift from Sif Muna
 36829 | Snake:2  | Identified Sif Muna's Tome of Aerial Hexes (Sif Muna gifted it to you on level 2 of the Snake Pit)
 36835 | Snake:2  | Learned a level 4 spell: Cause Fear
 36963 | Snake:2  | Gained mutation: You expend magic power (3 MP) to strengthen your wands. [potion of mutation]
 36963 | Snake:2  | Gained mutation: Your body sometimes deteriorates upon taking damage. [potion of mutation]
 36963 | Snake:2  | Gained mutation: You are frail. (-10% HP) [potion of mutation]
 36964 | Snake:2  | Lost mutation: Your body sometimes deteriorates upon taking damage. [potion of cure mutation]
 36964 | Snake:2  | Lost mutation: You are frail. (-10% HP) [potion of cure mutation]
 36964 | Snake:2  | Lost mutation: You expend magic power (3 MP) to strengthen your wands. [potion of cure mutation]
 36966 | Snake:2  | Gained mutation: You are partially covered in slimy green scales. (AC +2) [potion of beneficial mutation]
 36967 | Snake:2  | Gained mutation: You have a pair of small horns on your head. [potion of beneficial mutation]
 37920 | Snake:3  | Found Qeij's Assorted Antiques.
 38467 | Swamp:1  | Entered Level 1 of the Swamp
 39228 | Swamp:1  | Noticed Aizul
 39376 | Swamp:1  | Killed Aizul
 39881 | Swamp:2  | Noticed tstbtto's ghost (journeyman DDFi)
 39905 | Swamp:2  | Killed tstbtto's ghost
 40577 | Swamp:2  | Reached skill level 1 in Armour
 40659 | Swamp:2  | Noticed Frances
 40848 | Swamp:1  | Received a gift from Sif Muna
 40849 | Swamp:1  | Identified Capraezygouck's Grimoire of Unholy Ignition (Sif Muna gifted it to you on level 1 of the Swamp)
 41619 | Swamp:1  | Reached skill level 20 in Spellcasting
 42015 | Swamp:2  | Killed Frances
 42831 | Swamp:3  | Reached skill level 1 in Shields
 42968 | Swamp:3  | Reached skill level 1 in Invocations
 43074 | Swamp:3  | Gained mutation: Your flesh is heat resistant. (rF+) [potion of mutation]
 43074 | Swamp:3  | Gained mutation: You are somewhat resistant to further mutation. [potion of mutation]
 44154 | Swamp:4  | Entered Level 4 of the Swamp
 44542 | Swamp:4  | Received a gift from Sif Muna
 44543 | Swamp:4  | Identified Sif Muna's Reference Book on Battle Magic and Malediction (Sif Muna gifted it to you on level 4 of the Swamp)
 44993 | Swamp:4  | Noticed a thorn hunter
 45000 | Swamp:4  | Killed a thorn hunter
 45000 | Swamp:4  | Reached XP level 17. HP: 74/74 MP: 12/42
 46177 | Elf:1    | Entered Level 1 of the Elven Halls
 47169 | Elf:1    | Reached skill level 21 in Spellcasting
 47345 | Elf:1    | Found a deep blue altar of Sif Muna.
 48176 | Elf:1    | Identified the Almanac of Absence
 48507 | Lair:3   | Learned a level 4 spell: Iskenderun's Mystic Blast
 48808 | Elf:1    | Reached skill level 15 in Charms
 49019 | Elf:2    | Found Pocrae's Book Emporium.
 49061 | Elf:2    | Received a gift from Sif Muna
 49533 | Elf:2    | Found a runed gate.
 49534 | Elf:2    | Found a runed gate.
 49535 | Elf:2    | Found a runed gate.
 50801 | Elf:2    | Noticed a deep elf blademaster
 51115 | Elf:2    | Reached skill level 15 in Translocations
 51115 | Elf:2    | Reached XP level 18. HP: 78/78 MP: 32/44
 51657 | Elf:2    | Upgraded the game from 0.19-a0-742-g4563caa to 0.19-a0-749-g66ae36b
 51702 | Elf:3    | Entered Level 3 of the Elven Halls
 51712 | Elf:3    | Identified a scroll of acquirement
 51713 | Elf:3    | Got an ancient fire dragon armour
 51729 | Elf:2    | Identified the +0 fire dragon armour of Mintas {rF++ rC- Regen+ rCorr MP-9 Str+7} (You acquired it on level 3 of the Elven Halls)
 51905 | Elf:3    | Received a gift from Sif Muna
 51905 | Elf:3    | Reached skill level 22 in Spellcasting
 52542 | Elf:3    | Identified the cursed +1 hand axe "Tohawn" {speed, rPois Int+3} (You found it on level 3 of the Elven Halls)
 53653 | Snake:1  | Bought a book of the Sky for 780 gold pieces
 53765 | Swamp:3  | Learned a level 6 spell: Deflect Missiles
 53900 | Swamp:4  | Noticed Mara
 53906 | Swamp:4  | Noticed nubinia's illusion
 54776 | Swamp:4  | Reached skill level 1 in Air Magic
 54899 | Swamp:4  | Noticed the 27-headed Lernaean hydra
 55104 | Swamp:4  | Killed the 27-headed Lernaean hydra
 55216 | Swamp:4  | Received a gift from Sif Muna
 55217 | Swamp:4  | Identified Sif Muna's Compendium of Air (Sif Muna gifted it to you on level 4 of the Swamp)
 55221 | Swamp:4  | Learned a level 2 spell: Repel Missiles
 55307 | Swamp:4  | Got a decaying rune of Zot
 55961 | Snake:3  | Noticed Vashnia
 55979 | Snake:3  | Killed Vashnia
 56245 | Snake:3  | Noticed Wiglaf
 56262 | Snake:3  | Killed Wiglaf
 57157 | Snake:3  | Reached skill level 23 in Spellcasting
 57383 | Snake:4  | Entered Level 4 of the Snake Pit
 57694 | Snake:4  | Reached XP level 19. HP: 82/82 MP: 15/47
 58750 | Snake:4  | HP: 2/82 [shock serpent/bolt of electricity (11)]
 59769 | Snake:4  | Received a gift from Sif Muna
 59770 | Snake:4  | Identified Ysewk's Catalogue of Damaging Enchantment (Sif Muna gifted it to you on level 4 of the Snake Pit)
 60213 | Snake:4  | Reached skill level 5 in Air Magic
 60428 | Snake:4  | Learned a level 4 spell: Airstrike
 61458 | Snake:4  | Got a serpentine rune of Zot
 61508 | Snake:4  | Reached skill level 5 in Slings
 62514 | Elf:3    | Reached skill level 24 in Spellcasting
 62764 | Elf:3    | Received a gift from Sif Muna
 62771 | Elf:3    | Learned a level 4 spell: Passage of Golubria
 63379 | Elf:3    | Reached XP level 20. HP: 86/87 MP: 38/49
 64124 | Elf:3    | Got a translucent pewter amulet
 64125 | Elf:3    | Identified the amulet of Doubts {RegenMP Str+4 Int-2 Dex+4} (You took it off a deep elf mage on level 3 of the Elven Halls)
 64663 | Elf:3    | Learned a level 3 spell: Regeneration
 64760 | Elf:3    | Identified the Incunabulum of Lucky Flight
 64769 | Elf:3    | Learned a level 3 spell: Mephitic Cloud
 64795 | Elf:3    | Identified the Reference Book on Malediction and Intoxication (You found it on level 3 of the Elven Halls)
 64805 | Elf:3    | Identified a +3 rod of inaccuracy (12/12) (You took it off a deep elf mage on level 3 of the Elven Halls)
 65124 | D:11     | Noticed Erolcha
 65131 | D:11     | Killed Erolcha
 65131 | D:11     | Received a gift from Sif Muna
 65132 | D:11     | Identified Sif Muna's Disquisition on the Bewitching Traveller (Sif Muna gifted it to you on level 11 of the Dungeon)
 65134 | D:11     | Identified the +4 spear of Tenacity {pierce, Str+3 Dex+3} (You found it on level 11 of the Dungeon)
 65639 | D:12     | You fall through a shaft for 3 floors!
 65639 | D:15     | Entered Level 15 of the Dungeon
 65842 | D:14     | Noticed Rupert
 65860 | D:14     | Noticed tstbtto's ghost (journeyman DDFi)
 65869 | D:14     | Noticed Louise
 65895 | D:14     | Killed tstbtto's ghost
 66205 | D:12     | Noticed Maurice
 66209 | D:12     | Killed Maurice
 66300 | D:12     | Noticed Snorg
 66333 | D:12     | Killed Snorg
 66548 | D:12     | Found a shadowy altar of Dithmenos.
 66637 | D:12     | Reached skill level 25 in Spellcasting
 66748 | D:12     | Found a burning altar of Makhleb.
 67030 | D:12     | Noticed Azrael
 67062 | D:12     | Killed Azrael
 68753 | D:14     | You fall through a shaft!
 69393 | D:15     | Found Egid's Assorted Antiques.
 69668 | D:15     | Found a staircase to the Depths.
 70044 | D:15     | Got a brightly glowing ivory ring
 70045 | D:15     | Identified the ring of Disaster {rPois rN+ MR+ Int+2 Stlth-} (You found it on level 15 of the Dungeon)
 70180 | D:14     | Found a deep blue altar of Sif Muna.
 70191 | D:14     | Killed Louise
 70459 | D:14     | Killed Rupert
 70621 | D:14     | Noticed Kirke
 70636 | D:14     | Killed Kirke
 70845 | D:14     | Found a gate to the Vaults.
 71379 | Vaults:1 | Entered Level 1 of the Vaults
 72156 | Vaults:1 | Reached XP level 21. HP: 86/91 MP: 45/51
 72872 | Vaults:1 | Reached skill level 1 in Evocations
 73273 | Elf:1    | Learned a level 4 spell: Summon Lightning Spire
 74196 | Vaults:1 | Received a gift from Sif Muna
 74197 | Vaults:1 | Identified Sif Muna's Almanac of Enhancements and Hexes (Sif Muna gifted it to you on level 1 of the Vaults)
 75194 | Vaults:2 | Noticed Xtahua
 75201 | Vaults:2 | Killed Xtahua
 75201 | Vaults:2 | Reached skill level 26 in Spellcasting
 75236 | Vaults:2 | Reached skill level 1 in Summonings
 75322 | Vaults:2 | Upgraded the game from 0.19-a0-749-g66ae36b to 0.19-a0-753-gae73b43
 75531 | Vaults:2 | Reached skill level 15 in Stealth
 76744 | Vaults:2 | Found a staircase to the Crypt.
 76780 | Vaults:2 | Received a gift from Sif Muna
 76835 | Vaults:2 | Identified Sif Muna's Disquisition on Ignition and Beguiling (Sif Muna gifted it to you on level 2 of the Vaults)
 77981 | Vaults:3 | Reached XP level 22. HP: 96/96 MP: 53/53
 78214 | Vaults:3 | Noticed Jory
 78602 | Vaults:3 | Killed Jory
 80008 | Crypt:1  | Entered Level 1 of the Crypt
 80052 | Crypt:1  | Noticed Margery
 80071 | Crypt:1  | Killed Margery
 80080 | Crypt:1  | Noticed Mennas
 81163 | Crypt:1  | Got a transparent crystal amulet
 81164 | Crypt:1  | Identified the amulet of the Final Decision {Reflect MP+9 Str+3 SH+2 Stlth+} (You found it on level 1 of the Crypt)
 81289 | Crypt:1  | Noticed Boris
 81941 | Crypt:2  | Received a gift from Sif Muna
 81942 | Crypt:2  | Identified Sif Muna's Collected Works on the Noxious Compass (Sif Muna gifted it to you on level 2 of the Crypt)
 82209 | Crypt:2  | Reached skill level 10 in Slings
 82471 | Crypt:1  | Killed Boris
 84106 | Crypt:2  | Reached skill level 27 in Spellcasting
 85195 | Crypt:2  | Noticed an ancient lich
 85211 | Crypt:2  | Killed an ancient lich
 85394 | Crypt:3  | Entered Level 3 of the Crypt
 85576 | Crypt:2  | Reached XP level 23. HP: 100/100 MP: 29/55
 86577 | Crypt:3  | Noticed Jorgrun
 86589 | Crypt:3  | Killed Jorgrun
 86592 | Crypt:3  | Noticed Saint Roka
 86635 | Crypt:3  | Killed Saint Roka
 88938 | Crypt:3  | Got a slimy granite ring
 88994 | Crypt:3  | Received a gift from Sif Muna
 88995 | Crypt:3  | Identified Sif Muna's Handbook of Feathers (Sif Muna gifted it to you on level 3 of the Crypt)
 89126 | Crypt:3  | Identified a +2 rod of clouds (13/13) (You took it off a skeletal warrior on level 3 of the Crypt)
 89726 | Crypt:3  | Got a steaming lapis lazuli ring
 89727 | Crypt:3  | Identified the ring "Goaxt" {rN+ Int+4 Dex+2 Slay+3} (You took it off a skeletal warrior on level 3 of the Crypt)
 89731 | Crypt:3  | Identified the ring "Lunynytid" {rN+ Int+3} (You took it off a vampire mage on level 3 of the Crypt)
 89755 | Crypt:3  | Found a basalt altar of Yredelemnul.
 89758 | Crypt:3  | Found an ancient bone altar of Kikubaaqudgha.
 89918 | Crypt:3  | Noticed Bai Suzhen
 89997 | Crypt:3  | Killed Bai Suzhen
 90772 | Crypt:3  | Found a staircase to the Tomb.
 90902 | Crypt:2  | Reached skill level 10 in Earth Magic
 91254 | Depths:1 | Entered Level 1 of the Depths
 92301 | Vaults:2 | Killed Mennas
 92301 | Vaults:2 | Reached skill level 5 in Short Blades
 93067 | Depths:1 | Reached XP level 24. HP: 99/105 MP: 13/55
 94163 | Depths:1 | Upgraded the game from 0.19-a0-753-gae73b43 to 0.19-a0-790-ge39e1af
 94191 | Depths:2 | Found a one-way gate leading to the halls of Pandemonium.
 94219 | Depths:1 | Received a gift from Sif Muna
 94223 | Depths:1 | Learned a level 1 spell: Animate Skeleton
 94368 | Depths:2 | Identified a +2 rod of shadows (10/10) (You found it on level 2 of the Depths)
 94383 | Depths:2 | Reached skill level 5 in Shields
 94660 | Depths:2 | Noticed Asterion
 94678 | Depths:2 | Killed Asterion
 94802 | Depths:2 | Noticed a juggernaut
 94834 | Depths:2 | Killed a juggernaut
 94834 | Depths:2 | Reached skill level 15 in Dodging
 94867 | Depths:2 | Reached skill level 1 in Necromancy
 95230 | D:10     | Learned a level 5 spell: Bolt of Draining
 95797 | Vaults:4 | Noticed Boris
 96599 | Vaults:4 | Found a portal to a secret trove of treasure.
 96851 | Vaults:4 | Reached skill level 10 in Air Magic
 98120 | Depths:2 | Found a runed door.
 98130 | Depths:2 | Received a gift from Sif Muna
 98131 | Depths:2 | Identified Sif Muna's Grimoire of Ensnaring Orientation (Sif Muna gifted it to you on level 2 of the Depths)
 98279 | Depths:2 | Reached skill level 5 in Invocations
 98383 | Depths:2 | Found a runed door.
 98416 | Depths:2 | Found a burning altar of Makhleb.
 98428 | Depths:2 | Got a glittering crystal amulet
 98429 | Depths:2 | Identified the amulet of Onean {+Rage rN+ Str+7} (You found it on level 2 of the Depths)
 98928 | Depths:3 | Found a gateway to a ziggurat.
100196 | Elf:3    | Learned a level 3 spell: Ozocubu's Armour
100569 | Depths:1 | Reached XP level 25. HP: 110/110 MP: 46/55
100838 | Depths:2 | Identified the +2 falchion "Desorewo" {drain, +Rage MR+} (You took it off a rakshasa on level 2 of the Depths)
101986 | Depths:3 | Got a translucent lead ring
101987 | Depths:3 | Identified the ring "Atitainte" {MR+ Int+6 SInv} (You took it off a deep elf sorcerer on level 3 of the Depths)
102628 | Depths:3 | Upgraded the game from 0.19-a0-790-ge39e1af to 0.19-a0-805-g0a78ef0
104050 | Depths:3 | Identified the +4 quarterstaff "Ywnudyno" {vamp, *Rage rElec rPois Int+4} (You found it on level 3 of the Depths)
104441 | Depths:4 | Received a gift from Sif Muna
104466 | Depths:4 | Identified Sopeeb's Handbook of Air and Attacks (Sif Muna gifted it to you on level 4 of the Depths)
104942 | Depths:4 | Noticed an ancient lich
105052 | Depths:4 | Killed an ancient lich
105438 | Depths:4 | Gained mutation: You are robust. (+10% HP) [potion of beneficial mutation]
106212 | Depths:4 | Found a one-way gate to the infinite horrors of the Abyss.
106401 | Depths:5 | Entered Level 5 of the Depths
106668 | Depths:5 | Found a gate to the Realm of Zot.
106703 | Depths:5 | Reached skill level 1 in Ice Magic
106795 | Depths:5 | Received a gift from Sif Muna
106796 | Depths:5 | Identified Sif Muna's Arcane Secrets of Secret Knowledge (Sif Muna gifted it to you on level 5 of the Depths)
106929 | Depths:5 | Reached XP level 26. HP: 127/127 MP: 44/55
108227 | Lair:6   | Found a staircase to the Slime Pits.
108315 | Slime:1  | Entered Level 1 of the Pits of Slime
108469 | Slime:2  | Reached skill level 5 in Fighting
108892 | Slime:5  | Entered Level 5 of the Pits of Slime
109427 | Slime:5  | Noticed the Royal Jelly
110628 | Slime:5  | Learned a level 8 spell: Controlled Blink
110706 | Slime:5  | Got a slimy rune of Zot
111211 | Vaults:5 | Entered Level 5 of the Vaults
111886 | Vaults:4 | Killed Boris
112049 | Vaults:4 | Received a gift from Sif Muna
112071 | Vaults:4 | Identified Sif Muna's Tome of Fiery Attacks (Sif Muna gifted it to you on level 4 of the Vaults)
114733 | Vaults:5 | Reached XP level 27. HP: 118/133 MP: 6/55
115755 | Vaults:5 | Identified the +6 hand crossbow "Ysaum" {flame, Str+2} (You took it off a yaktaur on level 5 of the Vaults)
115770 | Vaults:5 | Received a gift from Sif Muna
115774 | Vaults:5 | Identified Sif Muna's Collected Works on Helpful Orientation (Sif Muna gifted it to you on level 5 of the Vaults)
115785 | Vaults:5 | Identified the +11 rapier of Distraction {freeze, *Drain +Rage +Fly Stlth+} (You took it off a yaktaur on level 5 of the Vaults)
115895 | Vaults:5 | Got an ancient lead ring
116118 | Vaults:5 | Identified the ring of the Magpie {+Fly rN+ Int+3} (You took it off a frost giant on level 5 of the Vaults)
116119 | Vaults:5 | Identified the cursed +1 hand crossbow of Mik Doam Tui {freeze, -Tele +Fly Dex+6} (You found it on level 5 of the Vaults)
116121 | Vaults:5 | Identified Sif Muna's Compendium of Talismans (You found it on level 5 of the Vaults)
117446 | Vaults:5 | Got a silver rune of Zot
118224 | Zot:1    | Entered Level 1 of the Realm of Zot
118912 | Vaults:5 | Learned a level 4 spell: Animate Dead
122062 | Zot:2    | Received a gift from Sif Muna
122063 | Zot:2    | Identified Sif Muna's Lost Secrets of Witchery (Sif Muna gifted it to you on level 2 of the Realm of Zot)
122938 | Vaults:4 | You paid a toll of a +2 gold dragon armour to enter a treasure trove
122939 | Trove    | Entered a treasure trove
122944 | Trove    | Got a translucent lapis lazuli ring
122969 | Trove    | Got a sparkling bone ring
122988 | Trove    | Got a serpentine ivory ring
122997 | Trove    | Got a bloodstained robe
123079 | Trove    | Got an opalescent robe
123088 | Trove    | Got a twisted cloak
123102 | Trove    | Identified the +1 robe of Beogh's Approval {rPois rC+ rCorr} (You found it in a treasure trove)
123103 | Trove    | Identified the +0 robe of Satisfaction {+Inv rC- Str+8} (You found it in a treasure trove)
123105 | Trove    | Identified the +0 cloak "Alliy" {Regen+} (You found it in a treasure trove)
123106 | Trove    | Identified the ring "Vueqas" {+Inv rPois rF+ SInv Stlth-} (You found it in a treasure trove)
123108 | Trove    | Identified the ring of Cigut {*Confuse rElec rC+ MP+9 Str+4} (You found it in a treasure trove)
123109 | Trove    | Identified the ring of Agunewnuwku {rF+ rN++ Str+6 Int-3 Stlth+} (You found it in a treasure trove)
123773 | Zot:3    | Upgraded the game from 0.19-a0-805-g0a78ef0 to 0.19-a0-811-gf4045fb
125297 | Zot:3    | Reached skill level 15 in Air Magic
125925 | Zot:4    | Reached skill level 10 in Short Blades
126264 | Zot:4    | Received a gift from Sif Muna
126265 | Zot:4    | Identified Sif Muna's Grimoire of Mutagenic Aid (Sif Muna gifted it to you on level 4 of the Realm of Zot)
126528 | Zot:5    | Entered Level 5 of the Realm of Zot
126696 | Zot:5    | Noticed an orb of fire
126859 | Zot:5    | Killed an orb of fire
126917 | Zot:5    | Noticed an ancient lich
126998 | Zot:5    | Killed an ancient lich
127616 | Zot:5    | Noticed an ancient lich
128020 | Zot:4    | Killed an ancient lich
128700 | Zot:5    | Noticed an ancient lich
128867 | Zot:5    | Received a gift from Sif Muna
128876 | Zot:5    | Identified Sif Muna's Catalogue of Warped Attacks (Sif Muna gifted it to you on level 5 of the Realm of Zot)
129415 | Zot:5    | Noticed an ancient lich
129424 | Zot:5    | Killed an ancient lich
129617 | Zot:5    | Noticed an orb of fire
129653 | Zot:5    | Killed an orb of fire
130364 | Zot:5    | Noticed an ancient lich
130416 | Zot:5    | Killed an ancient lich
130416 | Zot:5    | Received a gift from Sif Muna
130510 | Zot:5    | Identified Sif Muna's Thorough Guide to Theurgy (Sif Muna gifted it to you on level 5 of the Realm of Zot)
130826 | Zot:5    | Noticed an ancient lich
130839 | Zot:5    | Killed an ancient lich
131131 | Zot:5    | Killed an ancient lich
131311 | Zot:5    | Noticed an ancient lich
131321 | Zot:5    | Killed an ancient lich
131677 | Zot:5    | Noticed an orb of fire
131706 | Zot:5    | Gained mutation: You are partially covered in yellow scales. (AC +2) [an orb of fire]
131717 | Zot:5    | Killed an orb of fire
131717 | Zot:5    | Received a gift from Sif Muna
131764 | Zot:4    | Noticed an orb of fire
131939 | Zot:5    | Noticed an orb of fire
132202 | Zot:5    | Killed an orb of fire
133017 | Zot:5    | Got the Orb of Zot
133589 | D:3      | Noticed Ceson the pandemonium lord
133754 | D:1      | Received a gift from Sif Muna
133755 | D:1      | Identified Sif Muna's Papyrus of Flamy Evil Rituals (Sif Muna gifted it to you on level 1 of the Dungeon)
133765 | D:$      | Escaped with the Orb!

Vault maps used:
D:1:      lightli_arrival_quake
D:2:      first_bread
D:3:      lemuel_castle_with_subvaults
D:4:      nicolae_overflow_crystal_walls, st_stairs_4, uniq_grinder
D:5:      grunt_ashenzari_visionary, uniq_edmund
D:7:      serial_shops, shop, kennysheep_mini, grunt_ogre_cave
D:8:      grunt_lair_entry_orc_guard_hut, uniq_prince_ribbit1
D:9:      kb_rosetta, uniq_gastronok
D:10:     hiddenorc1_lemuel, basic_altar, uniq_sonja, uniq_fannar, uniq_erica,
          uniq_harold
D:11:     uniq_erolcha
D:12:     basic_altar, eino_tiny_chamber, st_stairs_7,
          makhleb_altar_promises_db, uniq_snorg, uniq_maurice, uniq_azrael
D:13:     serial_co_window_serial, co_window_corner_a, co_window_paths_b,
          co_window_paths_a, co_window_paths_a, co_window_of_opportunity_a,
          co_window_corner_a, co_window_of_opportunity_a, co_window_broadway_b,
          co_window_unsneaky_path_a, co_window_of_opportunity_b, co_window_sun,
          glass_columns_a, kennysheep_just_a_vault
D:14:     david_vaults_4, hangedman_decor_lopped, basic_altar,
          grunt_ministairs_2, uniq_rupert, uniq_kirke, uniq_louise
D:15:     grunt_enter_depths_hoard, serial_shops, shop_fountains,
          grunt_ministairs_5
Temple:   compressed_dpeg_circular_temple
Lair:1:   kennysheep_rathole
Lair:2:   nicolae_quartered_pool_little, minivault_26
Lair:3:   minmay_swamp_entry_worms, eino_house_with_fridge,
          infiniplex_staircase_pool, grunt_megastairs_1, serial_bayou_shore_b
Lair:4:   guppyfry_snake_entry_garden, minivault_25,
          grunt_forest_large_clearings
Lair:5:   regret_index_tunnel_blossom, minmay_lair_oklob_bushes,
          infiniplex_staircase_pool_2, uniq_maud
Lair:6:   evil_forest, minmay_slime_entry_oklob_enclosed
Swamp:1:  evilmike_swamp_ruin_house_6, uniq_aizul
Swamp:2:  evilmike_swamp_ruin_rubble_1, uniq_frances
Swamp:3:  nicolae_swamp_feature_on_the_river_bank
Swamp:4:  swamp_old_school, nicolae_swamp_fairy_circle, swamp_pool3, uniq_mara
Snake:1:  serial_shops, shop, st_stairs_14, grunt_megastairs_2, uniq_donald
Snake:2:  lemuel_fruit_tree
Snake:3:  serial_shops, nicolae_shop_waterfront, grunt_ministairs_12,
          uniq_wiglaf, uniq_vashnia
Snake:4:  grunt_snake_rune_serpentine_throne
Slime:2:  cheibrodos_slime_lost_civilization_3
Slime:3:  uniq_dissolution
Orc:1:    minmay_orc_barracks, uniq_urug
Orc:2:    st_orc_elflike, serial_shops,
          nicolae_shop_temple_entry_statues_fountains
Elf:1:    eino_elf_arrival_customs, basic_altar, minmay_elf_sorcery,
          hangedman_elf_simple_split
Elf:2:    serial_shops, nicolae_shop_trees, minmay_misc_feat_five
Elf:3:    minmay_elf_hall_four_x
Vaults:1: nicolae_vaults_twisting_passages, v_rooms_2,
          nicolae_vaults_hallways_thing, ontoclasm_vaults_idyll,
          vaults_standard_mumra_lines, grunt_vaults_hallway_long,
          vaults_mumra_hexcomb, nicolae_vaults_network_square,
          vaults_room_grunt_arrival_ludios, v_misc_16, ontoclasm_vaults_hangar,
          dpeg_vaults_pockets_of_resistance
Vaults:2: nicolae_vaults_meeting, blue_anna_dwarven_crypt,
          nicolae_vaults_little_squares_2, hangedman_vaults_cutoff,
          v_alt_pattern_5, nicolae_vaults_big_ls, v_misc_30, v_misc_1,
          grunt_vaults_swirl, nicolae_vaults_little_squares_2,
          ontoclasm_vaults_ring_large, uniq_xtahua
Vaults:3: hangedman_vaults_stretched_pinwheel, hangedman_vaults_slither,
          vaults_room_large_hall, nicolae_vaults_puzzle_piece,
          grunt_vaults_twisty, v_misc_2, v_misc_18, nicolae_vaults_what_the_h,
          vaults_mumra_lcd, uniq_jory
Vaults:4: nicolae_vaults_rhombus_7, nicolae_vaults_ninety_degrees,
          nicolae_vaults_alarming, hangedman_vaults_hat, ontoclasm_vaults_twist,
          vaults_room_pool, dpeg_vaults_monster_row, v_pattern_2,
          vaults_room_ringed_pool, v_misc_30, enter_trove_0, uniq_boris
Vaults:5: serial_shops
Crypt:1:  uniq_mennas, uniq_boris, uniq_margery
Crypt:2:  weyrava_lich_vault
Crypt:3:  lightli_unholy_cathedral, nicolae_tomb_entry_grand_gallery,
          grunt_megastairs_3, uniq_bai_suzhen, uniq_saint_roka, uniq_jorgrun
Depths:1: pf_hell_entry_tar_spiral, hangedman_abyss_or_decor_stabs,
          minmay_misc_feat_room, dpeg_stationary_puzzle, grunt_megastairs_4
Depths:2: evilmike_makhleb_hellhole, pan_entry, minmay_misc_feat_cross,
          hell_entry, kennysheep_underground_church,
          infiniplex_staircase_zigzag_3, uniq_asterion
Depths:3: evilmike_pillar_path, enter_ziggurat_f, roderic_lattice_a,
          grunt_pan_entry_spiral, hell_entry, firewood_loft,
          infiniplex_staircase_trident
Depths:4: lemuel_river_lethe, hell_entry, pan_entry, abyss_entry
Depths:5: evilmike_zot_entry_basic, pan_entry, grunt_hell_entry_dis_old,
          hangedman_abyss_or_decor_clamps
Zot:1:    st_stairs_11
Zot:2:    st_stairs_8, zot_minivault_5
Zot:3:    grunt_zot_stairs_overgrown, grunt_ministairs_1, st_stairs_4,
          hangedman_zot_diagonal_lockstep, zot_minivault_3
Zot:4:    st_stairs_4
Zot:5:    guppyfry_library_mini
Trove:    trove_dig

Skill      XL: |  1  2  3  4  5  6  7  8  9 10 11 12 13 14 15 16 17 18 19 20 21 22 23 24 25 26 27 |
---------------+----------------------------------------------------------------------------------+-----
Spellcasting   | 3 4 5 6 7 8 10 11 13 14 16 17 19 20 21 23 24 25 26 27 | 27.0
Earth Magic    | 3 4 5 6 7 8 10 11 | 11.7
Stealth        | 4 5 6 7 8 9 10 11 12 14 16 17 19 20 22 25 | 25.1
Dodging        | 4 6 7 8 9 10 11 12 13 14 16 17 19 23 | 23.1
Slings         | 1 6 7 12 14 | 14.1
Conjurations   | 1 2 3 4 5 7 8 |  8.0
Hexes          | 3 5 6 7 8 9 11 12 13 14 | 14.5
Short Blades   | 1 2 3 4 5 6 7 10 | 10.2
Fighting       | 1 2 3 4 5 7 |  7.1
Charms         | 5 8 11 12 13 14 15 16 17 18 19 20 22 | 22.3
Translocations | 1 6 10 12 15 16 17 18 19 20 21 22 26 | 26.3
Armour         | 2 3 4 |  4.1
Shields        | 1 2 3 4 5 6 |  6.7
Invocations    | 2 3 4 5 7 |  7.8
Air Magic      | 3 5 6 7 8 10 12 13 17 | 17.8
Evocations     | 1 2 3 4 |  4.8
Summonings     | 1 |  1.2
Necromancy     | 3 |  3.0
Transmutations | 2 3 |  3.7
Ice Magic      | 1 2 3 |  3.1

Action                   |  1- 3 |  4- 6 |  7- 9 | 10-12 | 13-15 | 16-18 | 19-21 | 22-24 | 25-27 || total
-------------------------+-------+-------+-------+-------+-------+-------+-------+-------+-------++-------
Melee: Short sword       |    53 |    28 |   108 |   116 |       |       |       |       |       ||   305
       Dagger            |       |       |       |     7 |   120 |    54 |   445 |   387 |   515 ||  1528
       Staff             |       |       |       |       |     1 |       |       |       |     8 ||     9
       Headbutt          |       |       |       |       |       |     9 |   107 |   104 |   498 ||   718
       Quick blade       |       |       |       |       |       |       |       |    20 |   953 ||   973
 Fire: Hunting sling     |     5 |    40 |    22 |   175 |   100 |    26 |   413 |  1333 |   357 ||  2471
 Cast: Sandblast         |    51 |   117 |   208 |   137 |     1 |     8 |       |     4 |       ||   526
       Magic Dart        |       |    48 |    91 |   185 |   586 |   530 |   284 |   121 |   173 ||  2018
       Stone Arrow       |       |       |     1 |       |       |       |       |       |       ||     1
       Dazzling Spray    |       |       |    16 |   201 |   610 |   270 |    90 |    39 |    35 ||  1261
       Blink             |       |       |       |     3 |     2 |     1 |       |     6 |     8 ||    20
       Iskenderun's Batt |       |       |       |    59 |   232 |   270 |   232 |   184 |   273 ||  1250
       Passwall          |       |       |       |     3 |     1 |     1 |       |       |    29 ||    34
       Shroud of Golubri |       |       |       |       |     9 |     9 |    17 |    15 |    29 ||    79
       Force Lance       |       |       |       |       |    26 |   263 |   400 |   512 |   539 ||  1740
       Ignite Poison     |       |       |       |       |     1 |       |       |       |       ||     1
       Apportation       |       |       |       |       |       |     2 |     2 |     4 |     4 ||    12
       Iskenderun's Myst |       |       |       |       |       |   118 |   382 |   222 |   356 ||  1078
       Cause Fear        |       |       |       |       |       |     1 |     5 |     1 |       ||     7
       Dispersal         |       |       |       |       |       |     1 |     1 |     2 |     3 ||     7
       Deflect Missiles  |       |       |       |       |       |     1 |     6 |       |    13 ||    20
       Mephitic Cloud    |       |       |       |       |       |       |    69 |    80 |   102 ||   251
       Airstrike         |       |       |       |       |       |       |    39 |    85 |   271 ||   395
       Lee's Rapid Decon |       |       |       |       |       |       |     2 |    50 |    70 ||   122
       Summon Lightning  |       |       |       |       |       |       |    27 |    47 |    44 ||   118
       Regeneration      |       |       |       |       |       |       |     2 |     3 |     5 ||    10
       Bolt of Draining  |       |       |       |       |       |       |       |    59 |   304 ||   363
       Animate Skeleton  |       |       |       |       |       |       |       |    50 |   135 ||   185
       Ozocubu's Armour  |       |       |       |       |       |       |       |     2 |    36 ||    38
       Passage of Golubr |       |       |       |       |       |       |       |       |     2 ||     2
       Animate Dead      |       |       |       |       |       |       |       |       |    62 ||    62
       Controlled Blink  |       |       |       |       |       |       |       |       |     6 ||     6
Invok: Channel Energy    |       |       |       |     2 |       |    36 |     2 |    36 |    62 ||   138
       Forget Spell      |       |       |       |       |       |       |     2 |     1 |       ||     3
Evoke: Wand              |       |       |       |     1 |       |     5 |     6 |    19 |    10 ||    41
       Sack of spiders   |       |       |       |       |       |     2 |     6 |    11 |       ||    19
       Phial of floods   |       |       |       |       |       |     1 |     1 |     5 |     1 ||     8
       Fan of gales      |       |       |       |       |       |       |       |     2 |       ||     2
       Rod               |       |       |       |       |       |       |       |     3 |       ||     3
  Use: Scroll            |     1 |     2 |     7 |     9 |     5 |    25 |     9 |    10 |    32 ||   100
       Potion            |       |       |     4 |     7 |     2 |    13 |     1 |     2 |     9 ||    38
 Stab: Sleeping          |    18 |     5 |    25 |    15 |    21 |    15 |    62 |    39 |    59 ||   259
       Invisible         |       |       |     4 |    32 |     7 |     3 |    15 |     5 |     4 ||    70
       Held in net/web   |       |       |       |       |       |     1 |       |       |       ||     1
       Confused          |       |       |       |       |       |       |    48 |    38 |   100 ||   186
       Distracted        |       |       |       |       |       |       |     5 |    12 |    19 ||    36
  Eat: Fruit             |       |     2 |     4 |    11 |    15 |    19 |     7 |     4 |     5 ||    67
       Pizza             |       |       |     1 |     3 |       |     1 |     4 |     4 |     2 ||    15
       Bread ration      |       |       |       |     1 |       |       |     1 |     2 |     7 ||    11
       Royal jelly       |       |       |       |       |     5 |       |       |     1 |     3 ||     9
Armor: Robe              |    12 |     6 |    19 |     7 |     6 |    11 |    41 |    49 |   180 ||   331
       Swamp dragon armo |       |       |       |       |       |    14 |     9 |       |       ||    23
Dodge: Dodged            |    64 |    59 |   192 |   201 |   239 |   144 |   489 |   428 |  1745 ||  3561
       Deflected         |       |       |       |       |       |     8 |    68 |    42 |   123 ||   241
Block: Buckler           |       |       |       |       |    13 |   101 |   215 |   226 |   206 ||   761
       Other             |       |       |       |       |     1 |       |       |       |    25 ||    26
       Reflection        |       |       |       |       |       |    21 |       |    36 |     4 ||    61
